 Dungeon Crawl Stone Soup version 0.31.0-9-g3a7656b989 (webtiles) character file.

Game seed: 15103410568399809348

193 qw the Skirmisher (level 5, -1/29 HPs)
             Began as a Deep Elf Hunter on Feb 2, 2024.
             Slain by an ogre
             ... wielding a +0 giant spiked club
              (18 damage)
             ... on level 4 of the Dungeon.
             The game lasted 00:00:10 (2580 turns).

qw the Skirmisher (Deep Elf Hunter)                 Turns: 2580, Time: 00:00:10

Health: -1/29      AC:  8    Str:  8 (10) XL:     5   Next: 43%
Magic:  7/7        EV: 10    Int: 12 (14) God:
Gold:   99         SH:  0    Dex: 20 (21) Spells: 4/4 levels left

rFire   . . .        a - +0 shortbow
rCold   . . .        (shield currently unavailable)
rNeg    . . .        f - +0 ring mail
rPois   .            (no helmet)
rElec   .            (no cloak)
rCorr   .            c - +2 pair of gloves {Dex+3}
SInv    .            (no boots)
Will    .....        l - amulet of the acrobat
Stlth   +            (no ring)
HPRegen 0.24/turn    (no ring)
MPRegen 0.10/turn

%: acrobat
@: hasted, very quick
A: no striking features
a: no special abilities


You were on level 4 of the Dungeon.
You visited 1 branch of the dungeon, and saw 4 of its levels.

You collected 99 gold pieces.


   Skills:
 + Level 1.5 Fighting
 - Level 9.0 Ranged Weapons
 - Level 2.4 Dodging
 - Level 1.2 Stealth


You had 4 spell levels left.
You didn't know any spells.
Your spell library was empty.

Inventory:

Hand Weapons
 a - a +0 shortbow (weapon)
Armour
 c - a +2 pair of gloves of dexterity (worn)
 f - a +0 ring mail (worn)
Jewellery
 l - an amulet of the acrobat (around neck)
Potions
 b - a potion of heal wounds
 e - 2 potions of mutation

Dungeon Overview and Level Annotations

Branches:
Dungeon (4/15)
 Temple: D:4-7

Altars:
Fedhas


Message History

Done exploring.
What level of the Dungeon? (default 4, ? - help)
You climb downwards.
The ball python hisses angrily.
There is a stone staircase leading up here.
A ball python is nearby!
Waypoint 3 assigned to D:4.
You shoot an arrow.
The arrow closely misses the ball python.
You shoot an arrow. The arrow hits the ball python.
You kill the ball python!
Your Ranged Weapons skill increases to level 9!
You open the door.
Found a whip.
There is an open door here.
Found a stone staircase leading down.
You now have 99 gold pieces (gained 8).
An ogre comes into view. It is wielding a +0 giant spiked club.
2571 ||| DRINKING potion of haste.
You feel yourself speed up.
The ogre shouts!
You shoot an arrow.
The arrow hits the ogre but does no damage.
You shoot an arrow. The arrow hits the ogre.
The ogre is lightly wounded.
You shoot an arrow. The arrow hits the ogre.
The ogre is lightly wounded.
You shoot an arrow. The arrow barely misses the ogre.
You shoot an arrow. The arrow hits the ogre.
The ogre is moderately wounded.
The ogre hits you with a +0 giant spiked club!
You shoot an arrow. The arrow barely misses the ogre.
You shoot an arrow. The arrow hits the ogre.
The ogre is moderately wounded.
The ogre closely misses you.
You shoot an arrow. The arrow hits the ogre.
The ogre is moderately wounded.
You shoot an arrow. The arrow hits the ogre!
The ogre is severely wounded.
The ogre hits you with a +0 giant spiked club!!
Ouch! That really hurt!
You die...

#......# #......
#...... #.....
##+#.....
........#
.......O+
.......@#
........#
........#########
######..........#
#..........+
#..........#
#..........#
#..>.......#
#..........###.


You could see an ogre.

Vanquished Creatures
  A bombardier beetle (D:3)
  9 adders
  A dart slug (D:2)
  2 ribbon worms
  8 endoplasms
  A giant cockroach (D:1)
  11 goblins
  6 hobgoblins
  3 jackals (D:1)
  7 kobolds
  5 quokkas
  5 ball pythons
  4 bats
  2 frilled lizards
  3 rats
68 creatures vanquished.

Notes
Turn   | Place    | Note
-------+----------+-------------------------------------------
     0 | D:1      | qw the Deep Elf Hunter began the quest for the Orb.
     0 | D:1      | Reached XP level 1. HP: 12/12 MP: 3/3
     0 | D:1      | 0 ||| qw: Version: 0.3-a-155-g5e7d8dd
     0 | D:1      | 0 ||| qw: Game counter: 951
     0 | D:1      | 0 ||| qw: Melee chars always use a shield: true
     0 | D:1      | 0 ||| qw: God list: Okawaru
     0 | D:1      | 0 ||| qw: Allow faded altars: false
     0 | D:1      | 0 ||| qw: Do Orc after clearing Dungeon:15 true
     0 | D:1      | 0 ||| qw: Do second Lair branch before Depths: true
     0 | D:1      | 0 ||| qw: Lair rune preference: random
     0 | D:1      | 0 ||| qw: Goals: Normal
     0 | D:1      | 0 ||| PLANNING D:1-11
   112 | D:1      | Reached skill level 6 in Ranged Weapons
   112 | D:1      | Reached XP level 2. HP: 16/16 MP: 4/4
   817 | D:1      | 817 ||| READING scroll labelled FENUWO INNAFF.
   818 | D:1      | 818 ||| READING scroll labelled BAONAE CUCOROPS.
   818 | D:1      | 818 ||| IDENTIFYING pink potion
   819 | D:1      | 819 ||| DROPPING scroll of butterflies.
  1023 | D:2      | Reached XP level 3. HP: 8/20 MP: 5/5
  1098 | D:2      | HP: 4/20 [goblin/+0 club (4)]
  1105 | D:2      | 1105 ||| FLEEEEING.
  1108 | D:2      | 1108 ||| FLEEEEING.
  1109 | D:2      | 1109 ||| FLEEEEING.
  1182 | D:2      | Reached skill level 7 in Ranged Weapons
  1217 | D:2      | HP: 5/20 [poisoned by an adder]
  1221 | D:2      | HP: 2/20 [poisoned by an adder]
  1222 | D:2      | 1222 ||| FLEEEEING.
  1315 | D:2      | Reached XP level 4. HP: 25/25 MP: 6/6
  1585 | D:2      | 1585 ||| READING 2 scrolls of identify.
  1585 | D:2      | 1585 ||| IDENTIFYING sedimented orange potion
  1586 | D:2      | 1586 ||| READING scroll of identify.
  1586 | D:2      | 1586 ||| IDENTIFYING red potion
  1587 | D:2      | 1587 ||| READING scroll labelled YLU QUGAKHUWA.
  1588 | D:2      | 1588 ||| READING scroll labelled JENAST CYZIY.
  1589 | D:2      | 1589 ||| DROPPING potion of lignification.
  1611 | D:3      | Reached skill level 8 in Ranged Weapons
  1896 | D:3      | Reached XP level 5. HP: 29/29 MP: 7/7
  2192 | D:3      | Found a blossoming altar of Fedhas.
  2199 | D:3      | 2199 ||| UPGRADING to +0 ring mail.
  2210 | D:3      | 2210 ||| DROPPING +0 leather armour.
  2211 | D:3      | 2211 ||| READING scroll of identify.
  2211 | D:3      | 2211 ||| IDENTIFYING coppery potion
  2224 | D:3      | 2224 ||| UPGRADING to +2 pair of gloves of dexterity.
  2425 | D:3      | 2425 ||| UPGRADING to amulet of the acrobat.
  2430 | D:3      | 2430 ||| DROPPING ring of magical power.
  2431 | D:3      | 2431 ||| READING scroll labelled JAKKUY SOODOP.
  2432 | D:3      | 2432 ||| DRINKING 2 gluggy blue potions.
  2433 | D:3      | 2433 ||| DRINKING fuming black potion.
  2434 | D:3      | 2434 ||| DRINKING sedimented amethyst potion.
  2440 | D:3      | 2440 ||| DROPPING potion of ambrosia.
  2442 | D:3      | 2442 ||| Stepping ~*~*~tactically~*~*~ (cloud).
  2553 | D:4      | Reached skill level 9 in Ranged Weapons
  2570 | D:4      | Noticed an ogre
  2571 | D:4      | 2571 ||| DRINKING potion of haste.
  2580 | D:4      | Slain by an ogre

Levels and vault maps discovered:
D:1:      mushboom_english_gardens, layout_basic, patterned_corridor
D:2:      kennysheep_the_goblin_king, layout_basic
D:3:      layout_loops_ring, mainiacjoe_overflow_cross_hatched
D:4:      layout_gridville, overflow_temple_1_default,
          mainiacjoe_overflow_catwalk, jmf_multi_god_temple, uniq_duvessa,
          uniq_blork_the_orc

Skill      XL: |  1  2  3  4  5 |
---------------+----------------+-----
Ranged Weapons | 6 7 8 9 |  9.0
Fighting       | |  1.5
Dodging        | |  2.4
Stealth        | |  1.2

Action                     |  1- 3 |  4- 6 || total
---------------------------+-------+-------++-------
   Fire: Shortbow          |    97 |   114 ||   211
    Use: Scroll            |     2 |     6 ||     8
         Potion            |       |     4 ||     4
 Armour: Leather armour    |    23 |    19 ||    42
         Ring mail         |       |     6 ||     6
  Dodge: Dodged            |    19 |    26 ||    45

Table legend:
 A = Non-vault XP
 B = Vault XP
 C = Vault XP percentage of total XP
 D = Non-vault monster count
 E = Vault monster count
 F = Vault count percentage of total count
                 A         B        C        D         E       F
            +---------+---------+-------+---------+---------+-------
      Total |     262 |      14 |   5.1 |      61 |       7 |  10.3
            +---------+---------+-------+---------+---------+-------
        D:1 |      33 |       0 |   0.0 |      18 |       0 |   0.0
        D:2 |      92 |      14 |  13.2 |      25 |       7 |  21.9
        D:3 |     135 |       0 |   0.0 |      17 |       0 |   0.0
        D:4 |       2 |       0 |   0.0 |       1 |       0 |   0.0
            +---------+---------+-------+---------+---------+-------
